 Dungeon Crawl Stone Soup version 0.21.1-1-g345015f (webtiles) character file.

40 empire the Magician (level 3, -2/25 HPs)
             Began as a Gnoll Wanderer on Mar 23, 2018.
             Slain by Natasha (7 damage)
             ... on level 2 of the Dungeon.
             The game lasted 00:02:58 (1480 turns).

empire the Magician (Gnoll Wanderer)                Turns: 1480, Time: 00:02:59

Health: -2/25      AC:  3    Str: 12    XL:     3   Next: 50%
Magic:  9/9        EV: 13    Int: 15    God:
Gold:   20         SH:  0    Dex: 16    Spells: 12/12 levels left

rFire    . . .     SeeInvis .   a - +2 dagger
rCold    . . .     Gourm    .   (no shield)
rNeg     . . .     Faith    .   f - +0 robe
rPois    .         Spirit   .   o - +0 helmet
rElec    .         Reflect  .   (no cloak)
rCorr    .         Harm     .   (no gloves)
MR       .....                  (no boots)
Stlth    ++........             (no amulet)
HPRegen  0.08/turn              (no ring)
MPRegen  0.11/turn              (no ring)

@: slowed, very slow
A: distributed training, fangs 1, strong nose
a: no special abilities


You were on level 2 of the Dungeon.
You were hungry.

You visited 1 branch of the dungeon, and saw 2 of its levels.

You collected 20 gold pieces.

Inventory:

Hand Weapons
 a - a +2 dagger (weapon)
 e - a +0 blowgun
Missiles
 d - 9 poisoned needles
 m - 22 arrows
Armour
 f - a +0 robe (worn)
 o - a +0 helmet (worn)
Jewellery
 j - a cursed amulet of inaccuracy {unknown}
 q - a +4 ring of slaying {unknown}
Scrolls
 h - 2 scrolls of identify {unknown}
 i - a scroll of teleportation {unknown}
 k - 2 scrolls of enchant weapon {unknown}
 n - 3 scrolls of remove curse {unknown}
 p - a scroll of enchant armour {unknown}
Books
 c - Sif Muna's Reference Book on Battle Magic

   Spells                             Type                      Level
   a - Searing Ray                    Conjuration                  2
   b - Throw Flame                    Conjuration/Fire             2
Comestibles
 g - 4 rations


   Skills:
 + Level 0.8 Fighting
 + Level 0.8 Short Blades
 + Level 4.5 Long Blades
 + Level 0.8 Axes
 + Level 0.8 Maces & Flails
 + Level 0.8 Polearms
 + Level 0.8 Staves
 + Level 0.8 Slings
 + Level 0.8 Bows
 + Level 0.8 Crossbows
 + Level 2.6 Throwing
 + Level 0.8 Armour
 + Level 2.6 Dodging
 + Level 2.4 Stealth
 + Level 0.8 Shields
 + Level 0.8 Unarmed Combat
 + Level 5.0 Spellcasting
 + Level 0.5 Conjurations
 + Level 0.5 Hexes
 + Level 0.5 Charms
 + Level 0.5 Summonings
 + Level 3.7 Necromancy
 + Level 0.5 Translocations
 + Level 0.5 Transmutations
 + Level 2.1 Fire Magic
 + Level 0.5 Ice Magic
 + Level 0.5 Air Magic
 + Level 0.5 Earth Magic
 + Level 0.5 Poison Magic
 + Level 1.0 Invocations
 + Level 0.8 Evocations


You had 12 spell levels left.
You didn't know any spells.

Dungeon Overview and Level Annotations

Branches:
Dungeon (2/15)

Altars:
Ru

Annotations:
D:2 Natasha


Innate Abilities, Weirdness & Mutations

Your experience applies equally to all skills.
You have very sharp teeth.
Your uncanny sense of smell can sniff out nearby items.


Message History

You closely miss Natasha.
Natasha is moderately wounded.
Natasha closely misses you.
You hit Natasha.
Natasha is moderately wounded.
Natasha barely misses you.
You hit Natasha but do no damage. Your bite misses Natasha.
Natasha is moderately wounded.
Natasha claws you.
It was a potion of cancellation.
You feel magically purged. The white imp completely misses you.
Natasha mewls in sadness.
Natasha casts a spell at you.
You feel yourself slow down.
You hit Natasha.
Natasha is heavily wounded.
The white imp hits you. The white imp freezes you.
* * * LOW HITPOINT WARNING * * *
Natasha claws you!
You die...

##### #...#
######.#'##
#......#..###
####.#.######....#
..##.#.# #....#
#.##.#.# #@#♣.#
#.##.#.# #h5##'#
#.##.#.# #.###.#
#.##.#.# #.##..#
#.##.#.# #....##
####..#.#.#######.##
.................>#
..###...#.#####.###
..# ##..#.# #.#


You could see Natasha and a white imp.

Vanquished Creatures
  Terence (D:2)
  A dart slug (D:1)
  3 bats
  A giant cockroach (D:1)
  3 goblins (D:1)
  A frilled lizard (D:1)
  2 kobolds (D:1)
  2 rats
14 creatures vanquished.

Notes
Turn   | Place    | Note
-------+----------+-------------------------------------------
     0 | D:1      | empire the Gnoll Wanderer began the quest for the Orb.
     0 | D:1      | empire set off with: a +2 dagger, a potion of berserk rage, Sif Muna's Reference Book on Battle Magic, 9 poisoned needles, a +0 blowgun, a +0 robe, a ration
     0 | D:1      | Reached XP level 1. HP: 13/13 MP: 6/6
     1 | D:1      | Identified Sif Muna's Reference Book on Battle Magic
   580 | D:1      | Reached XP level 2. HP: 19/19 MP: 7/7
  1085 | D:2      | Found a sacrificial altar of Ru.
  1187 | D:2      | Noticed Terence
  1203 | D:2      | Killed Terence
  1203 | D:2      | Reached skill level 5 in Spellcasting
  1203 | D:2      | Reached skill level 1 in Invocations
  1203 | D:2      | Reached XP level 3. HP: 5/25 MP: 7/9
  1469 | D:2      | Noticed Natasha
  1480 | D:2      | Slain by Natasha

Skill      XL: |  1  2 |
---------------+-------+-----
Fire Magic     | 2 |  2.1
Spellcasting   | 5 |  5.0
Invocations    | 1 |  1.0
Fighting       | |  0.8
Short Blades   | |  0.8
Long Blades    | |  4.5
Axes           | |  0.8
Maces & Flails | |  0.8
Polearms       | |  0.8
Staves         | |  0.8
Slings         | |  0.8
Bows           | |  0.8
Crossbows      | |  0.8
Throwing       | |  2.6
Armour         | |  0.8
Dodging        | |  2.6
Stealth        | |  2.4
Shields        | |  0.8
Unarmed Combat | |  0.8
Conjurations   | |  0.5
Hexes          | |  0.5
Charms         | |  0.5
Summonings     | |  0.5
Necromancy     | |  3.7
Translocations | |  0.5
Transmutations | |  0.5
Ice Magic      | |  0.5
Air Magic      | |  0.5
Earth Magic    | |  0.5
Poison Magic   | |  0.5
Evocations     | |  0.8

Action                   || total
-------------------------++-------
Melee: Dagger            ||    73
       Bite              ||     7
  Use: Potion            ||     3
 Stab: Sleeping          ||     3
  Eat: Chunk             ||     1
Armor: Robe              ||    16
Dodge: Dodged            ||    48
